 Dungeon Crawl Stone Soup version 0.31-a0-1202-ga8fea8b373 (webtiles) character file.

Game seed: 13828286233302228377

104 EnegeticOcto the Trooper (level 4, -5/29 HPs)
             Began as a Gargoyle Chaos Knight on Dec 12, 2023.
             Was a Plaything of Xom.
             Blown up by Ijyb (20 damage)
             ... with a mindburst bolt
             ... on level 4 of the Dungeon.
             The game lasted 00:02:57 (2223 turns).

EnegeticOcto the Trooper (Gargoyle Chaos Knight)    Turns: 2223, Time: 00:02:58

Health: -5/29      AC:  9    Str: 21    XL:     4   Next: 80%
Magic:  4/4        EV: 11    Int: 13    God:    Xom [..*...]
Gold:   106        SH:  0    Dex: 11    Spells: 3/3 levels left

rFire   . . .        g - +1 war axe (freeze)
rCold   . . .        (no shield)
rNeg    + . .        b - +2 leather armour
rPois   ∞            (no helmet)
rElec   +            (no cloak)
rCorr   .            (no gloves)
SInv    .            s - +0 pair of boots
Will    .....        (no amulet)
Stlth   ++           r - +6 ring of strength
HPRegen 0.24/turn    (no ring)
MPRegen 0.09/turn

%: no passive effects
@: invisible
A: sickness immunity, AC +3, negative energy resistance 1, electricity
resistance, torment resistance 1, petrification resistance
a: Renounce Religion


You were on level 4 of the Dungeon.
You worshipped Xom.
You were a toy of Xom.
You visited 1 branch of the dungeon, and saw 4 of its levels.

You collected 162 gold pieces.
You spent 56 gold pieces at shops.

Inventory:

Hand Weapons
 a - a +0 mace of chaos
 d - a +0 quarterstaff
   (You found it on level 1 of the Dungeon)
 g - a +1 war axe of freezing (weapon)
   (You found it on level 1 of the Dungeon)
Missiles
 e - 11 poisoned darts
 o - 5 atropa-tipped darts
Armour
 b - a +2 leather armour (worn)
 s - a +0 pair of boots (worn)
   (You found it on level 2 of the Dungeon)
Jewellery
 r - a +6 ring of strength (left hand)
   (You found it on level 2 of the Dungeon)
Scrolls
 c - a scroll of butterflies
 k - a scroll of amnesia {unknown}
 n - 2 scrolls of fear {!r}
 p - a scroll of identify {unknown}
 q - a scroll of teleportation {unknown}
 t - a scroll of fog {unknown}
 u - a scroll of immolation {unknown}
 w - a scroll of blinking {unknown}
Potions
 f - 2 potions of heal wounds {@q2 !q}
 h - a potion of curing {unknown}
 i - a potion of lignification {unknown}
 j - 2 potions of mutation {unknown}
 l - a potion of magic {unknown}
 m - a potion of attraction {unknown}
 v - a potion of degeneration {unknown}


   Skills:
 + Level 3.7 Fighting
 + Level 2.2(3.0) Axes
 - Level 3.3(3.7) Maces & Flails
 - Level 2.1 Armour
 - Level 0.7 Dodging
 - Level 2.9 Stealth


You had 3 spell levels left.
You didn't know any spells.
Your spell library was empty.

Dungeon Overview and Level Annotations

Branches:
Dungeon (4/15) Zot: 21743
 Temple: D:4-7

Altars:
Hepliaklqana

Shops:
D:1 (   D:2 *   D:3 ([=

Annotations:
D:4 Ijyb


Innate Abilities, Weirdness & Mutations

You are immune to sickness and miasma.
Your stone body is resilient. (AC +3)
You are immune to poison.
You resist negative energy. (rN+)
You are resistant to electric shocks. (rElec)
You are resistant to unholy torment.
You are immune to petrification.


Message History

The endoplasm barely misses you.
You slash the endoplasm! You freeze the endoplasm.
You kill the endoplasm!
You hit the plant.
The plant begins to die.
You freeze the plant. You hit the plant.
The plant begins to die.
You freeze the plant. The adder barely misses you.
You slash the adder!
The adder seems to slow down.
You freeze the adder.
You kill the adder!
You slash the plant! You freeze the plant. You hit the plant.
You freeze the plant.
No target in view!
No target in view!
No target in view!
No target in view!
No target in view!
No target in view!
No target in view!
No target in view!
A nearby plant withers and dies.
A nearby plant withers and dies.
You now have 106 gold pieces (gained 11).
A hound comes into view.
A hound is nearby!
The hound barks!
The hound bites you but does no damage. The hound barely misses you.
You barely miss the hound. The hound barely misses you.
The hound closely misses you.
You miss the hound. The hound bites you but does no damage.
The hound closely misses you.
You hit the hound but do no damage. The hound bites you.
The hound closely misses you.
You closely miss the hound.
The hound bites you but does no damage. x2
You miss the hound. Your punch misses the hound.
The hound bites you but does no damage. The hound barely misses you.
You barely miss the hound. The hound bites you but does no damage.
The hound barely misses you.
A hound is nearby!
A hound is nearby!
You closely miss the hound. The hound bites you but does no damage.
The hound barely misses you.
You slash the hound! You freeze the hound.
The hound is heavily wounded.
The hound closely misses you. The hound bites you but does no damage.
You miss the hound.
The hound is heavily wounded.
The hound bites you but does no damage. x2; The hound barely misses you.
You barely miss the hound. You punch the hound.
The hound is severely wounded.
The hound misses you. The hound bites you but does no damage.
You closely miss the hound.
The hound is severely wounded.
The hound bites you but does no damage. x2
You slash the hound! You freeze the hound.
You kill the hound!
Your base Axes skill increases to level 2!
No target in view!
No target in view!
Found 8 stones.
You see here 8 stones.
You open the door.
The orc shouts!
You hear an angry hiss.
The jackal barks!
The ball python disappears!
The jackal disappears!
The orc disappears!
The adder disappears!
The hobgoblin disappears!
There is an open door here.
The giant cockroach disappears!
Found 4 curare-tipped darts.
A ball python comes into view.
There is an open door here.
There is an open door here.
A hobgoblin comes into view.
The hobgoblin moves out of view.
A hobgoblin is nearby!
A hobgoblin is nearby!
The hobgoblin shouts!
You hit the hobgoblin. You freeze the hobgoblin.
You kill the hobgoblin!
No target in view!
No target in view!
No target in view!
No target in view!
No target in view!
No target in view!
An iguana comes into view.
An iguana is nearby!
The iguana hisses angrily.
Ijyb the Twisted Goblin comes into view.
She is wielding a +0 club, wearing a +0 leather armour of cold resistance and carrying a wand of mindburst.
You aren't carrying any items that you can evoke.
Unknown command.
It was a potion of heal wounds.
You feel much better.
Xom thinks this is hilarious!
Xom smiles on you.
You fade into invisibility!
The iguana bites you!
Ijyb shouts!
Ijyb misses you.
You closely miss Ijyb. You hit the iguana. You freeze the iguana.
The iguana bites you.
Ijyb zaps a wand.
Your mind is blasted!
Ouch! That really hurt!
You die...
Xom cackles wildly!

#.....##^#.#^##.
#..##.#.^#.#^.#.
###..##.##^#.#^##.
#.......#.^#^#^.#.
#.#####.####+####.
##.# #....#(#....
####..#
#....###....
#.....# .# .
.....# #.##.@#
.....S.
.......lg.#
...##..
###.#....## .##
... # #..#.. ...#
#.. #.. ... #.#
##.# #. #. ##


You could see Ijyb (unable to see you) and an iguana (unable to see you).

Vanquished Creatures
  A hound (D:4)
  3 adders
  2 worms
  2 dart slugs
  An orc (D:4)
  2 endoplasms
  A giant cockroach (D:4)
  2 goblins (D:1)
  5 hobgoblins
  3 quokkas
  3 ball pythons
  4 bats
  2 frilled lizards (D:2)
  4 kobolds
  2 rats
37 creatures vanquished.

Notes
Turn   | Place    | Note
-------+----------+-------------------------------------------
     0 | D:1      | EnegeticOcto the Gargoyle Chaos Knight began the quest for
                  | the Orb.
     0 | D:1      | Reached XP level 1. HP: 14/14 MP: 1/1
   129 | D:1      | Found Nuovvot's Antique Weapon Shop.
   224 | D:1      | Reached skill level 1 in Stealth
   241 | D:1      | Reached XP level 2. HP: 19/19 MP: 2/2
   264 | D:1      | XOM: silly message
   478 | D:1      | XOM is BORED!
   801 | D:2      | Found Gecour's General Store.
   822 | D:2      | Bought a scroll of fear for 56 gold pieces
   871 | D:2      | XOM: smoke on damage
   921 | D:2      | Reached skill level 2 in Stealth
   942 | D:2      | XOM: silly message
   994 | D:2      | Reached XP level 3. HP: 23/23 MP: 3/3
  1080 | D:2      | Reached skill level 1 in Axes
  1542 | D:3      | Found Rypn's Antique Weapon Shoppe.
  1618 | D:3      | Found Nihalun's Jewellery Shoppe.
  1849 | D:3      | XOM: divination: detect creatures
  1866 | D:3      | Found Kaelu's Antique Armour Shoppe.
  2066 | D:4      | Reached XP level 4. HP: 28/28 MP: 4/4
  2070 | D:4      | Found a hazy altar of Hepliaklqana.
  2120 | D:4      | Reached skill level 2 in Axes
  2220 | D:4      | Noticed Ijyb
  2221 | D:4      | XOM: potion effect (invisibility)
  2223 | D:4      | Blown up by Ijyb

Illustrated notes

Levels and vault maps discovered:
D:1:      dpeg_arrival_erosion, layout_basic, serial_shops, shop,
          kennysheep_boxes
D:2:      layout_basic, serial_shops, shop, kennysheep_potato
D:3:      layout_loops_ring, serial_shops, shop, nicolae_shop_tiny_glass, shop,
          nicolae_wormholes
D:4:      layout_loops_cross, nicolae_hepliaklqana_hazy_memory,
          amcnicky_altar_gilded, grunt_tough_drop, uniq_natasha, uniq_pikel,
          uniq_ijyb

Skill      XL: |  1  2  3  4 |
---------------+-------------+-----
Stealth        | 1 2 |  2.9
Axes           | 1 2 |  2.2
Fighting       | |  3.7
Maces & Flails | |  3.3
Armour         | |  2.1
Dodging        | |  0.7

Action                     |  1- 3 |  4- 6 || total
---------------------------+-------+-------++-------
  Melee: Mace              |    19 |       ||    19
         War axe           |    59 |    16 ||    75
         Punch             |     1 |     1 ||     2
    Use: Potion            |       |     1 ||     1
   Stab: Sleeping          |     1 |       ||     1
 Armour: Leather armour    |    50 |    16 ||    66
  Dodge: Dodged            |    44 |    14 ||    58

Table legend: (Time is in decaauts)
 A = Elapsed time spent in this place.
 B = Non-inter-level travel time spent in this place.
 C = Inter-level travel time spent in this place.
 D = Time resting spent in this place.
 E = Time spent auto-exploring this place.
 F = Levels seen in this place.
 G = Mean time per level.
                   A        B        C        D        E       F      G
               +--------+--------+--------+--------+--------+-----+--------+
         Total |   2255 |   2203 |     52 |      0 |   1869 |   4 |  563.8 |
       Dungeon |   2255 |   2203 |     52 |      0 |   1869 |   4 |  563.8 |
               +--------+--------+--------+--------+--------+-----+--------+

Top non-repeatable levels by time:
     D:1: 805 daAuts
     D:3: 671 daAuts
     D:2: 606 daAuts
     D:4: 172 daAuts

Table legend:
 A = Kills in this place as a percentage of kills in the entire game.
 B = Kills by you in this place as a percentage of kills by you in the entire game.
 C = Kills by friends in this place as a percentage of kills by friends in the entire game.
 D = Other kills in this place as a percentage of other kills in the entire game.
 E = Experience gained in this place as a percentage of experience gained in the entire game.
 F = Experience gained in this place divided by the number of levels of this place that you have seen.
                   A       B       C       D       E      F
               +-------+-------+-------+-------+-------+----------------------
         Total | 100.0 | 100.0 |   N/A |   N/A | 100.0 |  37.2
       Dungeon | 100.0 | 100.0 |   N/A |   N/A | 100.0 |  37.2
               +-------+-------+-------+-------+-------+----------------------
